 Dungeon Crawl Stone Soup version 0.14-a0-1663-g0b35444 (webtiles) character file.

235 4tharraofdagon the Firebug (level 5, -1/42 HPs)
             Began as a Naga Fire Elementalist on Dec 30, 2013.
             Was an Initiate of Vehumet.
             Slain by a gnoll
             ... wielding a +1,+0 flail
              (6 damage)
             ... on Level 3 of the Dungeon.
             The game lasted 00:07:12 (855 turns).

4tharraofdagon the Firebug (Naga Fire Elementalist)  Turns: 855, Time: 00:07:12

HP  -1/42        AC  2     Str 10      XL: 5   Next: 94%
MP  14/18        EV 10     Int 17      God: Vehumet [......]
Gold 18          SH  0     Dex 15      Spells:  3 memorised,  1 level left

rFire  . . .     SeeInvis +     h - +0 whip (venom)
rCold  . . .     Clarity  .     a - +0 robe
rNeg   . . .     Conserve .     (no shield)
rPois  +         rCorr    .     (no helmet)
rElec  .         rRot     .     (no cloak)
SustAb . .       Spirit   .     (no gloves)
rMut   .         Warding  .     (no barding)
Saprov . . .     Stasis   .     (no amulet)
                                i - +4 ring of dexterity
                                k - ring of magical power

@: very slightly contaminated, very slow, slightly resistant to hostile
enchantments, stealthy
A: spit poison, see invisible, deformed body, poison resistance, slowness 2, AC
+1
a: Spit Poison, Renounce Religion


You were on level 3 of the Dungeon.
You worshipped Vehumet.
Vehumet was noncommittal.
You were hungry.

You visited 1 branch of the dungeon, and saw 4 of its levels.

You collected 18 gold pieces.

Inventory:

Hand weapons
 h - a +0,+0 whip of venom (weapon)
Armour
 a - a +0 robe (worn)
Magical devices
 n - a wand of frost (3)
Comestibles
 c - 3 bread rations
 p - a chunk of bat flesh
Scrolls
 d - 2 scrolls of curse weapon
 e - 2 scrolls of teleportation {unknown}
 f - 2 scrolls of identify {unknown}
 g - a scroll of amnesia {unknown}
 j - a scroll of remove curse
 m - 2 scrolls of enchant weapon II {unknown}
 o - a scroll of fear {unknown}
Jewellery
 i - a +4 ring of dexterity (right hand)
 k - a ring of magical power (left hand)
 l - a -3 ring of intelligence
Books
 b - a book of Flames

   Spells                             Type                      Level
   *Flame Tongue                      Conjuration/Fire             1
   Throw Flame                        Conjuration/Fire             2
   *Conjure Flame                     Conjuration/Fire             3
   Inner Flame                        Hexes/Fire                   3
   *Sticky Flame                      Conjuration/Fire             4
   Fireball                           Conjuration/Fire             5


   Skills:
 - Level 1.5 Dodging
 - Level 3.0 Stealth
 + Level 2.6 Spellcasting
 * Level 3.7 Conjurations
 * Level 4.7 Fire Magic


You had one spell level left.
You knew the following spells:

 Your Spells              Type           Power        Failure   Level  Hunger
a - Flame Tongue          Conj/Fire      ###..        3%          1    #......
b - Conjure Flame         Conj/Fire      ###.....     12%         3    ###....
c - Sticky Flame          Conj/Fire      ###.....     38%         4    #####..


Dungeon Overview and Level Annotations

Branches:
Dungeon (4/16)
 Temple: D:4-7

Altars:
Vehumet


Innate Abilities, Weirdness & Mutations

You cannot wear boots.
You can spit poison.
Your serpentine skin is tough (AC +1).
You have supernaturally acute eyesight.
Armour fits poorly on your strangely shaped body.
Your system is resistant to poisons.
You cover ground very slowly.


Message History

Unknown command.
Unknown command.
You aren't carrying any potions.
Casting: Flame Tongue
Confirm with . or Enter, or press ? or * to list all spells.
Aiming: Sticky Flame
Press: ? - help, Shift-Dir - straight line, f - quokka
Aim: a quokka
Okay, then.
Casting: Sticky Flame
Confirm with . or Enter, or press ? or * to list all spells.
Aiming: Sticky Flame
Press: ? - help, Shift-Dir - straight line, f - gnoll
Aim: a gnoll, wielding a flail You miscast Sticky Flame.
You are very lightly contaminated with residual magic.
You feel a strange surge of energy!
You are feeling hungry.
The gnoll hits you with a flail.
You die...

...# .#. .##### ... .......
#.# ###### #.# ...# #.# ##.
##.# #.# #.. #.# . #.###.#
#.# #.# #.####.r##.# ##.#
#.# #.....@g.#.# ##.# #.#
#######..#.# ##%####.#
#...#.#
........#######..#...#
##..%...........###..#######
###......#####. #.........#
###...%.#.######...#.......#
#......>#....#
#####.......####
#.#.....#.##.# #...........#


You could see a gnoll and a quokka.

Vanquished Creatures
  An ogre (D:4)
  A hound (D:3)
  2 gnolls (D:2)
  4 adders
  2 worms
  3 giant geckos (D:3)
  An orc (D:3)
  A giant cockroach (D:2)
  4 hobgoblins
  3 jackals (D:2)
  2 quokkas
  5 bats
  4 giant newts
  2 goblins
  5 kobolds
  8 rats
48 creatures vanquished.

Notes
Turn   | Place    | Note
--------------------------------------------------------------
     0 | D:1      | 4tharraofdagon, the Naga Fire Elementalist, began the quest for the Orb.
     0 | D:1      | Reached XP level 1. HP: 15/15 MP: 3/3
    60 | D:2      | Reached XP level 2. HP: 22/22 MP: 2/4
   177 | D:2      | Reached XP level 3. HP: 28/28 MP: 4/6
   182 | D:2      | Learned a level 3 spell: Conjure Flame
   284 | D:2      | Reached XP level 4. HP: 23/36 MP: 2/7
   404 | D:3      | Reached skill level 4 in Fire Magic
   461 | D:3      | Reached XP level 5. HP: 12/42 MP: 1/9
   482 | D:3      | Learned a level 4 spell: Sticky Flame
   504 | D:3      | HP: 2/42 [hobgoblin/club (4)]
   641 | D:4      | Noticed an ogre
   652 | D:4      | Killed an ogre
   723 | D:4      | Found a radiant altar of Vehumet.
   734 | D:4      | Became a worshipper of Vehumet
   855 | D:3      | Slain by a gnoll

Action                   |  1- 3 |  4- 6 || total
-------------------------+-------+-------++-------
Melee: Whip              |       |    19 ||    19
 Cast: Flame Tongue      |    19 |    35 ||    54
       Conjure Flame     |       |     2 ||     2
 Abil: Spit Poison       |    23 |    22 ||    45
Evoke: Wand              |       |     1 ||     1
  Use: Potion            |     1 |       ||     1
       Scroll            |       |     2 ||     2
 Stab: Sleeping          |       |     2 ||     2
